 Dungeon Crawl Stone Soup version 0.30-a0-728-gc68057be0a (webtiles) character file.

Game seed: 13385990035770431564

21205 screamidelica the Bringer of Law (level 12, 0/100 HPs)
             Began as a Merfolk Ice Elementalist on Jan 30, 2023.
             Was the Champion of Zin.
             Slain by an eight-headed hydra (5 damage)
             ... on level 1 of the Lair of Beasts on Jan 31, 2023.
             The game lasted 01:23:44 (21299 turns).

screamidelica the Bringer of Law (MfIE)            Turns: 21299, Time: 01:23:45

Health: 0/100      AC:  9    Str: 13    XL:     12   Next: 87%
Magic:  17/20      EV: 12    Int: 17    God:    Zin [******]
Gold:   546        SH:  6    Dex: 17    Spells: 9/21 levels left

rFire   . . .      SeeInvis .    J - +1 short sword (flame)
rCold   + . .      Faith    .    P - +0 buckler
rNeg    . . .      Spirit   .    N - +1 robe {Will+}
rPois   .          Reflect  .    x - +0 helmet of Bitterness {Str+5}
rElec   .          Harm     .    H - +0 cloak
rCorr   .          Rampage  .    w - +0 pair of gloves
Will    +....                    k - +2 pair of boots
Stlth   +++++                    K - amulet of regeneration
HPRegen 1.16/turn                s - ring of protection from fire
MPRegen 0.17/turn                z - ring of ice

@: about to teleport, very slightly contaminated
A: (nimble swimmer 2), mertail
a: Renounce Religion, Recite, Vitalisation, Imprison, Sanctuary, Donate Gold


You were on level 1 of the Lair of Beasts.
You worshipped Zin.
Zin was exalted by your worship.
You visited 2 branches of the dungeon, and saw 13 of its levels.
You also visited: Sewer, Bailey and Ice Cave.

You collected 766 gold pieces.
You spent 144 gold pieces at shops.
You donated 76 gold pieces to Zin.

Inventory:

Hand Weapons
 a - a +3 dagger of speed
 b - a +3 dagger of venom
 J - a +1 short sword of flaming (weapon)
Missiles
 g - a curare-tipped dart
 u - a throwing net
 L - 11 poisoned darts
Armour
 k - a +2 pair of boots (worn)
 w - a +0 pair of gloves (worn)
 x - the +0 helmet of Bitterness (worn) {Str+5}
   (You found it on level 5 of the Dungeon)

   Str:       It affects your strength (+5).
 H - a +0 cloak (worn)
 N - a +1 robe of willpower (worn)
 P - a +0 buckler (worn)
Jewellery
 j - an amulet of the acrobat
 s - a ring of protection from fire (left hand)
 z - a ring of ice (right hand)
 G - a ring of protection from cold
 I - the amulet "Lilyin" {Faith Str+3}
   (You found it on level 7 of the Dungeon)

   [amulet of faith]

   It allows you to gain divine favour quickly.
   Str:       It affects your strength (+3).
 K - an amulet of regeneration (around neck)
Wands
 t - a wand of mindburst (3)
 M - a wand of charming (4)
 Q - a wand of iceblast (3)
Scrolls
 h - a scroll of enchant armour
 p - 5 scrolls of noise
 v - 2 scrolls of summoning
 A - 2 scrolls of poison
 D - 2 scrolls of silence
 E - a scroll of brand weapon
 F - a scroll of fog
 S - a scroll of identify {@r1}
Potions
 c - 5 potions of might
 d - 6 potions of curing {@q1}
 f - 2 potions of lignification
 i - 3 potions of mutation
 l - 6 potions of brilliance
 m - a potion of ambrosia
 n - 6 potions of haste
 q - 6 potions of heal wounds
 r - a potion of flight
 B - 3 potions of attraction
 C - a potion of magic
 O - a potion of berserk rage {unknown}
 R - 2 potions of cancellation


   Skills:
 + Level 11.3 Fighting
 - Level 8.5 Short Blades
 - Level 3.1 Armour
 - Level 2.6 Dodging
 - Level 10.0 Stealth
 - Level 5.0 Shields
 - Level 5.0 Spellcasting
 - Level 5.3 Hexes
 - Level 5.0 Ice Magic
 - Level 11.8 Invocations


You had 9 spell levels left.
You knew the following spells:

 Your Spells              Type           Power      Damage    Failure   Level
a - Freeze                Ice            100%       1d10      2%          1
b - Frozen Ramparts       Ice            64%        1d10      7%          3
c - Ozocubu's Armour      Ice            32%        N/A       7%          3
d - Confusing Touch       Hex            22%        N/A       6%          3
e - Ensorcelled Hibernat  Hex/Ice        64%        N/A       3%          2

Your spell library contained the following spells:

 Spells                   Type           Power      Damage    Failure   Level
 Slow                     Hex            88%        N/A       1%          1
 Apportation              Tloc           8%         N/A       19%         1
 Beastly Appendage        Tmut           8%         N/A       19%         1
 Kiss of Death            Conj/Necr      16%        2d6       19%         1
 Summon Small Mammal      Summ           16%        N/A       19%         1
 Summon Guardian Golem    Hex/Summ       13%        N/A       19%         3
 Wereblood                Tmut           4%         N/A       26%         2
 Call Canine Familiar     Summ           4%         N/A       47%         3
 Spider Form              Tmut/Pois      4%         N/A       47%         3
 Vampiric Draining        Necr           4%         2d6       47%         3
 Vhi's Electric Charge    Tloc/Air       8%         N/A       47%         3
 Anguish                  Hex/Necr       6%         N/A       52%         4
 Summon Ice Beast         Ice/Summ       19%        N/A       54%         4
 Dispel Undead            Necr           4%         3d7       87%         4
 Alistair's Intoxication  Tmut/Pois      2%         N/A       99%         5
 Arcjolt                  Conj/Air       2%         1d12      99%         5
 Maxwell's Capacitive Co  Air            2%         ∞         100%        8


Dungeon Overview and Level Annotations

Branches:
Dungeon (11/15)            Temple (0/1) D:6            Lair (2/5) D:9
  Sewer (visited)          Bailey (visited)           IceCv (visited)
  Swamp: Lair:2-3    Shoals: Lair:2-3     Snake: Lair:2-3    Spider: Lair:2-3
    Orc: D:9-12

Altars:
Fedhas
Ru
Zin

Shops:
D:7 [   D:8 *=?

Annotations:
D:7 2 runed translucent doors


Innate Abilities, Weirdness & Mutations

((You are very nimble when in or above water. (Stealth+, EV+, Speed+++)))
Your lower body shifts to a powerful aquatic tail in water.


Message History

Here: an eight-headed hydra The floor.
Casting: Ensorcelled Hibernation (safe; 3% risk of failure)
Confirm with . or Enter, or press ? or * to list all spells.
Aiming: Ensorcelled Hibernation (safe; 3% risk of failure)
Press: ? - help, Shift-Dir - straight line, f - eight-headed hydra
Aim: an eight-headed hydra (chance to affect: 27%)
Okay, then.
Unknown command.
Okay, then.
Casting: Ensorcelled Hibernation (safe; 3% risk of failure)
Confirm with . or Enter, or press ? or * to list all spells.
Okay, then.
Unknown command.
Casting: Ensorcelled Hibernation (safe; 3% risk of failure)
Confirm with . or Enter, or press ? or * to list all spells.
You feel a surge of power!
You miscast Ozocubu's Armour.
You are very lightly contaminated with residual magic.
Nothing appears to happen.
The eight-headed hydra bites you but does no damage. x2
The eight-headed hydra bites you! The eight-headed hydra bites you.
* * * LOW HITPOINT WARNING * * *
You block the eight-headed hydra's attack.
The eight-headed hydra bites you but does no damage.
The eight-headed hydra bites you.
* * * LOW HITPOINT WARNING * * *
The eight-headed hydra bites you!
* * * LOW HITPOINT WARNING * * *
Okay, then.
As you read the scroll of teleportation, it crumbles to dust.
You feel strangely unstable.
The eight-headed hydra bites you but does no damage.
The eight-headed hydra bites you!
* * * LOW HITPOINT WARNING * * *
The eight-headed hydra completely misses you.
You block the eight-headed hydra's attack.
The eight-headed hydra closely misses you.
You block the eight-headed hydra's attack.
The eight-headed hydra bites you.
You die...

....# #........................
....# ##..####.#.#...#.........
....# #..#..................B.#
....# ##.............#......°.#
....# #.............#.....°..#
....# ###..................°...#
....####.#.#...............○...Y#
................†.........○.....#
................@D.....#.........
...........####+#.##.###.#.##...#
.P.####..................+.......
#### ##..##..##.#####.......(###.
# #...#......# #....#...# ## #
##.(#......#####....#...#
#..#...............#...# # #
#......................# #
#######..#...~~.PP.....~.....####


You could see an eight-headed hydra.

Vanquished Creatures
  Erica (D:11)
  A boulder beetle (Lair:1)
  5 two-headed ogres
  An orc knight (Bailey)
  A deep elf zephyrmancer (Bailey)
  2 ugly things (D:7)
  7 elephants (Lair:1)
  An unseen horror (D:11)
  2 cane toads (Lair:1)
  2 komodo dragons (Lair:1)
  5 trolls
  A hornet (D:7)
  6 blink frogs (Lair:1)
  A shadow (D:11)
  A wraith (D:11)
  A wyvern (D:8)
  17 yaks
  2 steam dragons
  A basilisk (D:10)
  2 wargs (D:9)
  4 water moccasins
  2 ice beasts (D:7)
  6 orc warriors
  2 sky beasts
  An ogre (D:4)
  5 wolves (Lair:1)
  4 centaurs
  A phantom (D:5)
  2 kobold brigands
  2 gnoll sergeants
  4 scorpions
  4 bullfrogs
  2 two-headed ogre simulacra
  A cane toad simulacrum (IceCv)
  A necrophage (D:5)
  14 wights
  6 killer bees
  3 howler monkeys
  2 electric eels (Lair:1)
  2 hounds
  8 jellies
  2 gnoll boudas
  6 orc priests
  6 iguanas
  Ijyb (D:3)
  7 orc wizards
  5 hell rats (Lair:1)
  2 spriggan simulacra (D:11)
  A polar bear simulacrum (IceCv)
  2 wolf simulacra (IceCv)
  11 adders
  14 gnolls
  A river rat (Sewer)
  2 shadow imps
  3 white imps
  6 ufetubi
  A worm (D:3)
  3 dart slugs (D:1)
  28 orcs
  13 endoplasms
  6 giant cockroaches
  13 goblins
  7 hobgoblins
  5 jackals (D:3)
  4 quokkas
  14 ball pythons
  5 bats
  A frilled lizard (Sewer)
  13 kobolds
  7 rats
325 creatures vanquished.

Vanquished Creatures (others)
  A wyvern (D:9)
  An orc (D:9)
  2 fungi (Lair:1)
  22 plants (Lair:1)
26 creatures vanquished.

Grand Total: 351 creatures vanquished

Notes
Turn   | Place    | Note
-------+----------+-------------------------------------------
     0 | D:1      | screamidelica the Merfolk Ice Elementalist began the quest
                  | for the Orb.
     0 | D:1      | Reached XP level 1. HP: 13/13 MP: 3/3
   421 | D:1      | Reached XP level 2. HP: 5/19 MP: 0/5
   966 | D:1      | Found a faded altar of an unknown god.
  1377 | D:1      | Prayed at the altar of an unknown god.
  1377 | D:1      | Became a worshipper of Zin the Law-Giver
  1377 | D:1      | Reached * piety under Zin
  1445 | D:2      | Reached XP level 3. HP: 17/24 MP: 5/7
  1969 | D:2      | Learned a level 3 spell: Frozen Ramparts
  2234 | D:2      | Learned a level 3 spell: Ozocubu's Armour
  2384 | D:2      | Reached ** piety under Zin
  2403 | D:2      | Reached skill level 5 in Ice Magic
  2796 | D:3      | Reached skill level 1 in Fighting
  2796 | D:3      | Reached XP level 4. HP: 25/32 MP: 2/8
  2809 | D:2      | Reached XP level 5. HP: 8/41 MP: 0/9
  3106 | D:3      | Found a glowing drain.
  3128 | Sewer    | Entered a sewer
  3357 | Sewer    | Found a shimmering altar of Xom.
  3363 | Sewer    | Reached XP level 6. HP: 39/50 MP: 6/10
  3367 | Sewer    | Reached skill level 5 in Fighting
  4116 | D:3      | Noticed Ijyb
  4131 | D:3      | Zin protects you from harm!
  4132 | D:3      | Killed Ijyb
  4746 | D:4      | Reached XP level 7. HP: 52/56 MP: 7/11
  4831 | D:4      | Reached skill level 1 in Short Blades
  5551 | D:4      | Reached skill level 5 in Stealth
  5783 | D:5      | Entered Level 5 of the Dungeon
  5932 | D:5      | Reached skill level 1 in Armour
  6325 | D:5      | Identified the +0 helmet of Bitterness {Str+5}
  6370 | D:5      | Reached skill level 1 in Hexes
  6370 | D:5      | Reached XP level 8. HP: 61/63 MP: 3/12
  6749 | D:5      | Reached *** piety under Zin
  7274 | D:5      | Learned a level 3 spell: Confusing Touch
  7653 | D:5      | Found a sacrificial altar of Ru.
  8448 | D:5      | Reached skill level 5 in Hexes
  8817 | D:6      | Found a staircase to the Ecumenical Temple.
  8831 | D:6      | Reached skill level 1 in Invocations
 10296 | D:6      | Found a blossoming altar of Fedhas.
 10911 | D:7      | Reached skill level 5 in Invocations
 10911 | D:7      | Reached XP level 9. HP: 68/68 MP: 13/13
 10984 | D:7      | Found a flagged portal.
 10994 | Bailey   | Entered a bailey
 11092 | Bailey   | Noticed an orc knight
 11174 | Bailey   | Killed an orc knight
 11553 | Bailey   | Found a large runed translucent door.
 11553 | Bailey   | Found a large runed translucent door.
 11554 | Bailey   | Noticed a deep elf zephyrmancer
 11599 | Bailey   | Killed a deep elf zephyrmancer
 11683 | Bailey   | Reached **** piety under Zin
 12404 | D:7      | Found Vakk's Armour Boutique.
 12413 | D:7      | Reached XP level 10. HP: 56/74 MP: 11/15
 12421 | D:7      | Bought a +0 cloak for 72 gold pieces
 12583 | D:7      | Noticed a purple ugly thing
 12585 | D:7      | Killed a purple ugly thing
 12586 | D:7      | Found a large runed translucent door.
 12590 | D:7      | Found a large runed translucent door.
 12597 | D:7      | Noticed a white ugly thing
 12604 | D:7      | Found a large runed translucent door.
 12604 | D:7      | Found a large runed translucent door.
 12818 | D:7      | Killed a white ugly thing
 12821 | D:7      | Identified the amulet "Lilyin" {Faith Str+3}
 12905 | D:7      | Reached skill level 5 in Spellcasting
 13223 | D:7      | Found the +3 giant club "Skullcrusher" {speed, Str+7}
 13365 | D:7      | Noticed a two-headed ogre
 13633 | D:7      | Reached skill level 10 in Stealth
 13844 | D:7      | Killed a two-headed ogre
 14544 | D:8      | Reached XP level 11. HP: 72/86 MP: 12/18
 14720 | D:8      | Found Yhuph's General Store.
 14734 | D:8      | Found Qehaxi's Jewellery Emporium.
 14736 | D:8      | You fall into a shaft and drop 2 floors!
 14736 | D:10     | Entered Level 10 of the Dungeon
 14917 | D:8      | Found Niet's Magic Scroll Shoppe.
 15237 | D:8      | Noticed a two-headed ogre
 15284 | D:8      | Reached ***** piety under Zin
 15315 | D:8      | Killed a two-headed ogre
 16077 | D:9      | Reached skill level 10 in Fighting
 16249 | D:9      | Learned a level 2 spell: Ensorcelled Hibernation
 16331 | D:9      | Found a staircase to the Lair.
 17734 | D:10     | Noticed a two-headed ogre
 17766 | D:10     | Killed a two-headed ogre
 17926 | D:10     | Noticed a two-headed ogre
 17941 | D:10     | Killed a two-headed ogre
 18199 | D:7      | Bought a +0 buckler for 72 gold pieces
 18356 | D:10     | Reached skill level 10 in Invocations
 18561 | D:11     | Reached skill level 1 in Shields
 18627 | D:11     | Noticed a manticore
 18682 | D:11     | Noticed a two-headed ogre
 18697 | D:11     | Killed a two-headed ogre
 18698 | D:11     | Reached XP level 12. HP: 39/97 MP: 13/19
 18744 | D:11     | Noticed Erica
 18803 | D:11     | Killed Erica
 18865 | D:11     | Reached skill level 5 in Shields
 18867 | D:11     | Found a frozen archway.
 18918 | IceCv    | Entered an ice cave
 19296 | Lair:1   | Entered Level 1 of the Lair of Beasts
 19296 | Lair:1   | You fall into a shaft and drop 1 floor!
 20515 | Lair:1   | Noticed a boulder beetle
 20553 | Lair:1   | Killed a boulder beetle
 20809 | Lair:1   | Reached ****** piety under Zin
 21266 | Lair:2   | Noticed an eight-headed hydra
 21299 | Lair:1   | HP: 5/100 [eight-headed hydra (7)]
 21299 | Lair:1   | Slain by an eight-headed hydra

Illustrated notes

Levels and vault maps discovered:
D:1:      mushboom_english_gardens, layout_loops_ring,
          dreamdust_ecumenical_altar_statues
D:2:      layout_basic
D:3:      kennysheep_goblin_castle, layout_loops_ring,
          cheibrodos_sewer_entry_bend, st_stairs_1, chequers_garden
D:4:      layout_rooms
D:5:      layout_loops_ring, nicolae_ru_path_of_blood
D:6:      layout_basic, mainiacjoe_overflow_paths,
          minmay_temple_entry_large_hall, chequers_mini_garden
D:7:      layout_layer_cave, serial_shops, nicolae_shop_waterfront,
          enter_bailey_2, nicolae_water_bricks, minmay_hollow_rounded_squares
D:8:      layout_rooms, serial_shops, kennysheep_mini_moat,
          nicolae_diamond_shop, shop_scrolls
D:9:      layout_loops_cross, erik_lair_orcish_takeover, grunt_decor_cap
D:10:     minmay_general_purpose_star, layout_irregular_city
D:11:     layout_gridville, gauntlet_entry_generic,
          portal_ice_cave_entry_ice_simulacra, dreamdust_gnoll_shepherd,
          uniq_erica
Lair:1:   layout_chaotic_city, serial_bayou_shore_a
Lair:2:   layout_hall_layers, minivault_24, minivault_24, st_stairs_5,
          grunt_megastairs_3, uniq_maggie

Skill      XL: |  1  2  3  4  5  6  7  8  9 10 11 12 |
---------------+-------------------------------------+-----
Spellcasting   | 3 5 |  5.0
Ice Magic      | 5 |  5.0
Fighting       | 1 3 4 5 8 10 11 | 11.3
Stealth        | 4 5 8 10 | 10.0
Short Blades   | 4 7 8 |  8.5
Armour         | 1 3 |  3.1
Hexes          | 1 5 |  5.3
Invocations    | 5 10 11 | 11.8
Shields        | 3 5 |  5.0
Dodging        | |  2.6

Action                     |  1- 3 |  4- 6 |  7- 9 | 10-12 || total
---------------------------+-------+-------+-------+-------++-------
  Melee: Unarmed           |     5 |       |       |       ||     5
         Short sword       |    84 |   104 |    82 |    45 ||   315
         Punch             |     1 |       |       |     6 ||     7
         Tailslap          |       |     7 |     2 |    11 ||    20
         Dagger            |       |       |   173 |   728 ||   901
   Cast: Freeze            |    14 |     6 |     4 |       ||    24
         Frozen Ramparts   |     4 |    11 |    27 |    22 ||    64
         Ozocubu's Armour  |       |     2 |     6 |    10 ||    18
         Confusing Touch   |       |       |    10 |    48 ||    58
         Ensorcelled Hiber |       |       |       |    17 ||    17
 Invoke: Vitalisation      |       |       |     2 |       ||     2
         Recite            |       |       |     4 |    14 ||    18
  Evoke: Wand              |       |       |     7 |     2 ||     9
    Use: Scroll            |     5 |     6 |    10 |    16 ||    37
         Potion            |       |       |     1 |     4 ||     5
   Stab: Sleeping          |     2 |     6 |     9 |    18 ||    35
         Confused          |       |       |     5 |    50 ||    55
         Distracted        |       |       |     1 |     3 ||     4
         Invisible         |       |       |       |     8 ||     8
         Paralysed         |       |       |       |     2 ||     2
 Armour: Robe              |    20 |    25 |    67 |   201 ||   313
  Dodge: Dodged            |    62 |    97 |   162 |   389 ||   710
  Block: Buckler           |       |       |       |    95 ||    95

Table legend: (Time is in decaauts)
 A = Elapsed time spent in this place.
 B = Non-inter-level travel time spent in this place.
 C = Inter-level travel time spent in this place.
 D = Time resting spent in this place.
 E = Time spent auto-exploring this place.
 F = Levels seen in this place.
 G = Mean time per level.
                   A        B        C        D        E       F      G
               +--------+--------+--------+--------+--------+-----+--------+
         Total |  20637 |  19411 |   1226 |   9694 |   5322 |  16 | 1289.8 |
       Dungeon |  17632 |  16459 |   1173 |   8417 |   5025 |  11 | 1602.9 |
          Lair |   1885 |   1832 |     53 |    775 |    297 |   2 |  942.5 |
         Sewer |    300 |    300 |      0 |     98 |      0 |   1 |  300.0 |
        Bailey |    672 |    672 |      0 |    326 |      0 |   1 |  672.0 |
      Ice Cave |    146 |    146 |      0 |     78 |      0 |   1 |  146.0 |
               +--------+--------+--------+--------+--------+-----+--------+

Top non-repeatable levels by time:
     D:5: 3310 daAuts
     D:7: 2676 daAuts
  Lair:1: 1821 daAuts
     D:6: 1778 daAuts
     D:9: 1687 daAuts
     D:2: 1553 daAuts
     D:1: 1427 daAuts
     D:3: 1403 daAuts
     D:8: 1153 daAuts
    D:10: 1105 daAuts
     D:4: 1053 daAuts
  Bailey: 672 daAuts
    D:11: 481 daAuts
   Sewer: 300 daAuts
   IceCv: 146 daAuts
